 Dungeon Crawl Stone Soup version 0.27.1-34-g3ba077fa99 (webtiles) character file.

Game seed: 8807928110297080770

297 cbfl8 the Covered (level 6, -7/53 HPs)
             Began as a Minotaur Fighter on Jan 13, 2022.
             Was an Initiate of Yredelemnul.
             Splashed by a jelly's acid (10 damage)
             ... created by Jiyva
             ... on level 4 of the Dungeon.
             The game lasted 00:13:35 (4234 turns).

cbfl8 the Covered (Minotaur Fighter)                Turns: 4234, Time: 00:13:39

Health: -7/53      AC: -4    Str: 18    XL:     6   Next: 12%
Magic:  5/5        EV:  8    Int:  9    God:    Yredelemnul [......]
Gold:   37         SH:  9    Dex: 10    Spells: 5/5 levels left

rFire    . . .     SeeInvis .   a - +0 war axe
rCold    . . .     Faith    .   c - +0 kite shield
rNeg     . . .     Spirit   .   b - +0 scale mail
rPois    .         Reflect  .   (helmet restricted)
rElec    .         Harm     .   (no cloak)
rCorr    .         Rampage  .   (no gloves)
Will     .....                  (no boots)
Stlth    ..........             (no amulet)
HPRegen  0.17/turn              t - ring of wizardry
MPRegen  0.09/turn              (no ring)

@: corroded
A: horns 2, retaliatory headbutt
a: Renounce Religion


You were on level 4 of the Dungeon.
You worshipped Yredelemnul.
Yredelemnul was noncommittal.
You visited 2 branches of the dungeon, and saw 5 of its levels.

You collected 37 gold pieces.

Inventory:

Hand Weapons
 a - a +0 war axe (weapon)
 f - a +0 club
 g - a +0 dagger
Missiles
 i - 24 arrows
 l - 17 sling bullets
Armour
 b - a +0 scale mail (worn)
 c - a +0 kite shield (worn)
 j - a +0 scale mail
 u - a +0 ring mail
Jewellery
 t - a ring of wizardry (left hand)
Scrolls
 e - a scroll of blinking {unknown}
 h - a scroll of noise {unknown}
 n - 2 scrolls of teleportation {unknown}
 p - a scroll of immolation {unknown}
 r - a scroll of identify {unknown}
Potions
 d - a potion of might
 m - 2 potions of curing {unknown}
 o - a potion of resistance {unknown}
 q - a potion of haste
 s - a potion of flight {unknown}


   Skills:
 + Level 4.6 Fighting
 + Level 4.6 Axes
 + Level 5.1 Armour
 + Level 1.6 Dodging
 + Level 0.6 Stealth
 + Level 4.9 Shields


You had 5 spell levels left.
You didn't know any spells.
Your spell library was empty.

Dungeon Overview and Level Annotations

Branches:
Dungeon (4/15)             Temple (1/1) D:4

Altars:
Ashenzari
Cheibriados
Dithmenos
Elyvilon
Fedhas
Gozag
Hepliaklqana
Kikubaaqudgha
Makhleb
Okawaru
Qazlal
Ru
Sif Muna
Trog
Uskayaw
Vehumet
Wu Jian
Xom
Yredelemnul
The Shining One
Jiyva

Shops:
D:2 =(:[


Innate Abilities, Weirdness & Mutations

You have a pair of horns on your head.
You reflexively headbutt those who attack you in melee.


Message History

The jelly hits you but does no damage.
You slash the jelly! The acid corrodes you!
Your hands burn!
You headbutt the jelly.
The jelly is severely wounded.
You hit the jelly.
Your hands burn!
You block the jelly's attack. x3
The jelly barely misses you. You furiously retaliate!
You headbutt the jelly. You slash the jelly!
You kill the jelly!
That felt strangely unrewarding.
You hit the jelly.
Your hands burn!
The jelly hits you.
You are splashed with acid.
You hit the jelly but do no damage.
Your hands burn!
The jelly is moderately wounded.
The jelly hits you. The acid corrodes you!
You are splashed with acid!
* * * LOW HITPOINT WARNING * * *
You block the jelly's attack.
You hit the jelly.
Your hands burn!
* * * LOW HITPOINT WARNING * * *
The jelly is moderately wounded.
The jelly closely misses you.
You hit the jelly but do no damage.
Your hands burn!
* * * LOW HITPOINT WARNING * * *
The jelly is moderately wounded.
You block the jelly's attack. The jelly hits you.
* * * LOW HITPOINT WARNING * * *
You are splashed with acid.
* * * LOW HITPOINT WARNING * * *
It was a potion of heal wounds.
You feel much better. The jelly completely misses you.
You hit the jelly but do no damage.
Your hands burn!
The jelly is moderately wounded.
The jelly hits you.
You are splashed with acid!
* * * LOW HITPOINT WARNING * * *
You hit the jelly but do no damage.
Your hands burn!
* * * LOW HITPOINT WARNING * * *
The jelly is moderately wounded.
You block the jelly's attack. The jelly hits you.
* * * LOW HITPOINT WARNING * * *
You are splashed with acid!
You die...
Your body rises from the dead as a mindless zombie.

#.# #.#######..........#
#.# #.......#..##..###.#
#.# ####.......##..# #.#
... .........##..# #.#
##.#......#..# #.#
#.....<.....###.####
#..#.#...##........#
#..#.##.##########.#
############...@...# #.#
##..............J##.#
###.##
...###########.#.##.#
###### ####
#.#.##.#########⌠.⌠#
#.#.##.........'.>.#
#######<#.############⌠.⌠#
..........# ######
#######.#...(.. ###.##
#.####### #.#


You could see a jelly.

Vanquished Creatures
  A jelly (D:4)
  An ogre (D:4)
  A necrophage (D:4)
  A bullfrog zombie (D:4)
  A hound (D:4)
  5 gnolls
  3 adders
  A dart slug (D:2)
  An endoplasm (D:1)
  A giant cockroach (D:2)
  3 goblins
  6 hobgoblins
  A quokka (D:1)
  4 ball pythons
  3 bats
  2 frilled lizards
  2 kobolds (D:1)
  3 rats
40 creatures vanquished.

Vanquished Creatures (others)
  A black bear (D:4)
  A scorpion (D:4)
  5 jellies
  An iguana (D:4)
  2 gnolls (D:4)
  An adder (D:2)
  A worm (D:2)
  A dart slug (D:4)
  2 endoplasms
  2 bats (D:2)
  A giant cockroach (D:4)
  A goblin (D:2)
  3 hobgoblins
  A quokka (D:2)
  A ball python (D:3)
  2 kobolds (D:3)
  2 rats (D:2)
28 creatures vanquished.

Grand Total: 68 creatures vanquished

Notes
Turn   | Place    | Note
-------+----------+-------------------------------------------
     0 | D:1      | cbfl8 the Minotaur Fighter began the quest for the Orb.
     0 | D:1      | Reached XP level 1. HP: 19/19 MP: 0/0
   263 | D:1      | Reached XP level 2. HP: 23/27 MP: 1/1
   319 | D:1      | Found a faded altar of an unknown god.
   361 | D:1      | Became a worshipper of Jiyva Jaiceqec the Shapeless
   361 | D:1      | Reached * piety under Jiyva
   661 | D:1      | You fall into a shaft and drop 1 floor!
   671 | D:2      | Reached XP level 3. HP: 21/33 MP: 2/2
   993 | D:2      | Found Renat's Antique Weapon Shoppe.
  1013 | D:2      | Found Vatutan's Book Boutique.
  1072 | D:2      | Found Tiexadec's Armour Boutique.
  1447 | D:2      | Found Meynomnew's Jewellery Emporium.
  1466 | D:2      | Reached skill level 4 in Armour
  1861 | D:3      | Reached ** piety under Jiyva
  1879 | D:3      | Reached skill level 1 in Dodging
  1920 | D:3      | Reached XP level 4. HP: 13/40 MP: 3/3
  2764 | D:4      | Noticed an ogre
  2764 | D:4      | Noticed a scorpion
  3062 | D:4      | Noticed a necrophage
  3069 | D:4      | Killed a necrophage
  3070 | D:4      | Reached XP level 5. HP: 38/47 MP: 4/4
  3134 | D:4      | Killed a black bear
  3176 | D:4      | Killed an ogre
  3177 | D:4      | Reached skill level 5 in Armour
  3177 | D:4      | Reached XP level 6. HP: 53/53 MP: 5/5
  3823 | D:4      | Found a staircase to the Ecumenical Temple.
  4002 | Temple   | Entered the Ecumenical Temple
  4166 | Temple   | Fell from the grace of Jiyva
  4166 | Temple   | Became a worshipper of Yredelemnul the Dark
  4231 | D:4      | HP: 1/53 [acid[Jiyva] (6)]
  4234 | D:4      | Splashed by a jelly's acid

Illustrated notes

Levels and vault maps discovered:
D:1:      dpeg_arrival_tiny_a, layout_basic, hellmonk_ecumenical_altar_run_dry
D:2:      layout_basic, serial_shops, shop, shop, shop,
          nicolae_shop_temple_entry_statues_fountains
D:3:      wander_river, layout_loops_ring
D:4:      layout_loops_ring, temple_doors_cd
Temple:   regret_index_temple_chain_breaker

Skill      XL: |  1  2  3  4  5 |
---------------+----------------+-----
Fighting       | 4 |  4.6
Shields        | 4 |  4.9
Armour         | 4 5 |  5.1
Axes           | 3 4 |  4.6
Dodging        | 1 |  1.6
Stealth        | |  0.6

Action                   |  1- 3 |  4- 6 || total
-------------------------+-------+-------++-------
Melee: War axe           |    72 |    48 ||   120
       Headbutt          |     9 |     8 ||    17
Invok: Request Jelly     |     1 |     1 ||     2
  Use: Potion            |       |     1 ||     1
Armor: Scale mail        |    54 |    15 ||    69
Dodge: Dodged            |    48 |    13 ||    61
Block: Kite shield       |    68 |    33 ||   101
